 Dungeon Crawl Stone Soup version 0.25-a0-265-g7af84ae (webtiles) character file.

Game seed: 2172300532300317439, levelgen mode: deterministic

14789 Derfel the Basher (level 11, -2/104 HPs)
             Began as a Minotaur Fighter on Dec 8, 2019.
             Was a High Priest of Yredelemnul.
             Slain by a freezing wraith (4 damage)
             ... in an ice cave.
             The game lasted 00:58:06 (10933 turns).

Derfel the Basher (Minotaur Fighter)               Turns: 10933, Time: 00:58:07

Health: -2/104     AC: 18    Str: 26    XL:     11   Next: 93%
Magic:  8/13       EV:  5    Int:  5    God:    Yredelemnul [*****.]
Gold:   162        SH: 10    Dex: 12    Spells: 10/10 levels left

rFire    + . .     SeeInvis +   F - +7 mace "Sedi" {venom, rPois rC+ SInv Stlth+}
rCold    + + +     Gourm    .   c - +0 shield
rNeg     . . .     Faith    .   N - +0 plate armour {MR+}
rPois    +         Spirit   .   (helmet restricted)
rElec    +         Reflect  .   E - +1 cloak {rPois}
rCorr    +         Harm     .   a - -2 pair of gloves of Classification {*Corrode Str+4 Slay+6}
MR       +....                  h - +0 pair of boots
Stlth    ..........             n - amulet of rage
HPRegen  0.27/turn              g - ring of protection from fire
MPRegen  0.13/turn              R - ring of ice

@: resistant (expiring), very slightly contaminated, hasted and slowed
A: retaliatory headbutt, horns 2
a: Recall Undead Slaves, Injury Mirror, Animate Dead, Drain Life, Enslave Soul,
Renounce Religion, Evoke Berserk Rage


You were in an ice cave.
You worshipped Yredelemnul.
Yredelemnul was extremely pleased with you.
You were not hungry.

You visited 3 branches of the dungeon, and saw 14 of its levels.
You also visited: Ice Cave.

You collected 647 gold pieces.
You spent 485 gold pieces at shops.

Inventory:

Hand Weapons
 k - a +3 mace of protection
 D - a +4 quarterstaff of chaos
 F - the +7 mace "Sedi" (weapon) {venom, rPois rC+ SInv Stlth+}
   (You found it on level 6 of the Dungeon)

   It poisons the flesh of those it strikes.
   It protects you from cold.
   It protects you from poison.
   It lets you see invisible.
   It makes you more stealthy.
Missiles
 e - 207 stones (quivered)
 m - 78 bolts
 w - 38 poisoned darts
 B - 13 javelins
Armour
 a - the -2 pair of gloves of Classification (worn) {*Corrode Str+4 Slay+6}
   (You bought it in a shop on level 7 of the Dungeon)

   It affects your strength (+4).
   It affects your accuracy and damage with ranged weapons and melee attacks
   (+6).
   It may corrode you when you take damage.
 c - a +0 shield (worn)
 h - a +0 pair of boots (worn)
 r - a +0 pair of gloves
 E - a +1 cloak of poison resistance (worn)
 N - a +0 plate armour of magic resistance (worn)
Jewellery
 g - a ring of protection from fire (left hand)
 n - an amulet of rage (around neck)
 x - an uncursed ring of flight
 z - an uncursed amulet of magic regeneration
 L - an uncursed ring of fire
 R - a ring of ice (right hand)
 V - an uncursed amulet of harm
Wands
 o - a wand of acid (6)
 v - a wand of iceblast (14)
 A - a wand of flame (34)
 H - a wand of random effects (19)
 J - a wand of disintegration (9)
 T - a wand of polymorph (11)
Scrolls
 i - 3 scrolls of fog
 t - a scroll of remove curse {@r2}
 u - 3 scrolls of immolation
 y - 5 scrolls of teleportation
 O - 3 scrolls of magic mapping
 Q - a scroll of enchant weapon
Potions
 d - a potion of might
 j - a potion of ambrosia
 p - 3 potions of curing {@q1}
 q - a potion of brilliance
 G - a potion of agility
 I - a potion of invisibility {unknown}
 K - a potion of cancellation
 M - 2 potions of mutation
 P - a potion of lignification
 S - a potion of magic
Comestibles
 f - 13 rations


   Skills:
 - Level 12.2 Fighting
   Level 3.4 Long Blades
 + Level 12.7 Maces & Flails
 + Level 6.6 Throwing
 + Level 11.4 Armour
 - Level 3.6 Shields
 + Level 4.8 Invocations


You had 10 spell levels left.
You didn't know any spells.
Your spell library contained the following spells:

 Spells                   Type           Power        Failure   Level  Hunger
 Animate Skeleton         Necr           N/A          100%        1    ##.....
 Corona                   Hex            #......      100%        1    ##.....
 Foxfire                  Conj/Fire      #...         100%        1    ##.....
 Pain                     Necr           #...         100%        1    ##.....
 Sandblast                Erth           #.....       100%        1    ##.....
 Ensorcelled Hibernation  Hex/Ice        #.....       100%        2    ###....
 Passwall                 Tmut/Erth      #.......     100%        2    ###....
 Confuse                  Hex            #.......     100%        3    ####...
 Conjure Flame            Conj/Fire      #.......     100%        3    ####...
 Dazzling Flash           Conj/Hex       #.....       100%        3    ####...
 Inner Flame              Hex/Fire       #.......     100%        3    ####...
 Regeneration             Chrm/Necr      #.........   100%        3    ####...
 Stone Arrow              Conj/Erth      #.....       100%        3    ####...
 Tukima's Dance           Hex            #.......     100%        3    ####...
 Vampiric Draining        Necr           #.........   100%        3    ####...
 Animate Dead             Necr           N/A          100%        4    #####..
 Petrify                  Tmut/Erth      #.......     100%        4    #####..
 Sticky Flame             Conj/Fire      #.......     100%        4    #####..
 Fireball                 Conj/Fire      #.........   100%        5    ######.
 Lee's Rapid Deconstruct  Erth           #.........   100%        5    ######.


Dungeon Overview and Level Annotations

Branches:
Dungeon (11/15)            Temple (1/1) D:7            Lair (2/6) D:9
    Orc (0/2) D:9           IceCv (1/1)
  Swamp: Lair:2-4    Shoals: Lair:2-4     Snake: Lair:2-4    Spider: Lair:2-4

Altars:
Ashenzari
Cheibriados
Dithmenos
Elyvilon
Fedhas
Gozag
Hepliaklqana
Kikubaaqudgha
Makhleb
Nemelex Xobeh
Okawaru
Qazlal
Ru
Sif Muna
Trog
Uskayaw
Vehumet
Wu Jian
Xom
Yredelemnul
Zin
The Shining One
Beogh

Shops:
D:6 [   D:7 [   D:8 ?


Innate Abilities, Weirdness & Mutations

You reflexively headbutt those who attack you in melee.
You have a pair of horns on your head.


Message History

* * * LOW HITPOINT WARNING * * *
The freezing wraith hits you but does no damage. x2
You block the freezing wraith's attack.
You feel better.
The freezing wraith hits you but does no damage.
The freezing wraith hits you.
* * * LOW HITPOINT WARNING * * *
The freezing wraith hits you.
* * * LOW HITPOINT WARNING * * *
The freezing wraith freezes you. You resist.
* * * LOW HITPOINT WARNING * * *
The freezing wraith barely misses you.
You fail to use your ability.
The freezing wraith hits you.
* * * LOW HITPOINT WARNING * * *
The freezing wraith freezes you. You resist.
* * * LOW HITPOINT WARNING * * *
The freezing wraith hits you but does no damage. x2
The freezing wraith hits you.
You die...
Your body rises from the dead as a mindless zombie.

### ##..## ##....##
#...... ### #.....##
######.. ##......###
##..##...
#.§.§§....###........
#.§§§§.....#.......∩.
#§§§@§..##....##.....
##§WW§.####..#####...
#§§§§§§# #### ##..
##§§§.## ### ###
#§§§## ##.## ##..##
### #...## #..##
##.## #....####..#
##...# #..#...#...#
#..#.....#


You could see 2 freezing wraiths.

Vanquished Creatures
  A two-headed ogre (D:8)
  2 ugly things
  A spiny frog (Lair:1)
  An ice devil (Lair:2)
  4 freezing wraiths (IceCv)
  2 trolls (D:10)
  A hippogriff (Lair:1)
  14 yaks
  A wyvern (D:11)
  A basilisk (Lair:1)
  A hungry ghost (D:10)
  A steam dragon (D:10)
  A death yak simulacrum (IceCv)
  An acid dragon (D:11)
  Duvessa (D:6)
  A water moccasin (Lair:1)
  2 porcupines (Lair:1)
  An orc warrior (D:7)
  6 ice beasts
  An alligator simulacrum (IceCv)
  2 phantoms
  5 sky beasts
  9 ogres
  3 centaurs
  3 crocodiles (Lair:1)
  Blork the orc (D:5)
  9 bullfrogs
  A big kobold (D:10)
  Dowan (D:6)
  2 wyvern skeletons
  4 scorpions
  A water moccasin skeleton (D:4)
  14 killer bees
  An elephant simulacrum (IceCv)
  9 wights
  3 crimson imps
  A howler monkey (D:5)
  2 centaur zombies
  2 jellies
  A bullfrog zombie (D:8)
  8 orc priests
  3 hounds
  2 quasits
  Crazy Yiuf (D:5)
  3 bullfrog skeletons
  8 orc wizards
  2 centaur skeletons
  10 worker ants
  An iguana (D:10)
  6 hell rats (Lair:1)
  A wolf simulacrum (IceCv)
  2 worker ant zombies
  13 adders
  20 gnolls
  A howler monkey skeleton (D:10)
  13 river rats (Lair:1)
  A shadow imp (D:8)
  5 white imps (IceCv)
  2 oozes
  2 worms (D:2)
  2 dart slugs
  8 leopard geckos
  44 orcs
  A ball python (D:2)
  6 bats
  5 giant cockroaches
  13 goblins
  3 hobgoblins (D:1)
  15 jackals
  14 kobolds
  8 quokkas
  5 frilled lizards
  2 jackal skeletons
  A quokka skeleton (D:5)
  12 rats
361 creatures vanquished.

Vanquished Creatures (collateral kills)
  Erolcha (D:10)
  A komodo dragon (Lair:2)
  An ice devil (Lair:2)
  3 yaks (Lair:2)
  2 gnoll sergeants (D:10)
  A crimson imp (D:10)
  2 river rats (Lair:1)
  An orc (D:11)
  2 quokkas (Lair:1)
  3 rats (Lair:1)
  A fungus (Lair:1)
18 creatures vanquished.

Vanquished Creatures (others)
  An ugly thing zombie (D:11)
  A wyvern zombie (D:11)
  A troll zombie (D:10)
  An acid dragon zombie (D:11)
  A crocodile zombie (Lair:1)
  A scorpion zombie (D:11)
  An orc skeleton (D:9)
  3 orc zombies
10 creatures vanquished.

Grand Total: 389 creatures vanquished

Notes
Turn   | Place    | Note
-------+----------+-------------------------------------------
     0 | D:1      | Derfel the Minotaur Fighter began the quest for the Orb.
     0 | D:1      | Reached XP level 1. HP: 19/19 MP: 0/0
    79 | D:1      | Reached XP level 2. HP: 26/27 MP: 1/1
   381 | D:1      | Reached XP level 3. HP: 33/34 MP: 2/2
   599 | D:2      | Reached skill level 1 in Maces & Flails
   829 | D:2      | Reached XP level 4. HP: 31/41 MP: 3/3
   947 | D:2      | Found a shattered altar of Ashenzari.
   947 | D:2      | Found a shadowy altar of Dithmenos.
   948 | D:2      | Found a shimmering blue altar of Sif Muna.
   952 | D:2      | Reached skill level 5 in Fighting
  1123 | D:3      | Noticed an ogre
  1581 | D:3      | Reached XP level 5. HP: 48/48 MP: 4/4
  1823 | D:3      | Killed an ogre
  1976 | D:4      | Noticed a phantom
  1985 | D:4      | Killed a phantom
  1985 | D:4      | Reached XP level 6. HP: 58/58 MP: 5/5
  2321 | D:4      | Found a snail-covered altar of Cheibriados.
  2337 | D:4      | Reached skill level 5 in Maces & Flails
  2714 | D:4      | Reached XP level 7. HP: 65/66 MP: 6/6
  3009 | D:5      | Entered Level 5 of the Dungeon
  3594 | D:5      | Noticed Blork the orc
  3606 | D:5      | Killed Blork the orc
  3622 | D:5      | Found a runed translucent door.
  3623 | D:5      | Noticed Crazy Yiuf
  3632 | D:5      | Killed Crazy Yiuf
  3716 | D:5      | Reached XP level 8. HP: 56/75 MP: 7/7
  4020 | D:6      | Got a crude mace
  4041 | D:5      | Identified the +7 mace "Sedi" {venom, rPois rC+ SInv
                  | Stlth+} (You found it on level 6 of the Dungeon)
  4071 | D:6      | Reached skill level 5 in Armour
  4303 | D:6      | Found Hugu's Armour Shop.
  4341 | D:6      | Noticed Duvessa
  4341 | D:6      | Noticed Dowan
  4345 | D:6      | Killed Duvessa
  4345 | D:6      | Reached skill level 10 in Fighting
  4345 | D:6      | Reached XP level 9. HP: 85/85 MP: 8/8
  4348 | D:6      | Killed Dowan
  4546 | D:6      | Found a blossoming altar of Fedhas.
  4546 | D:6      | Found a sparkling altar of Nemelex Xobeh.
  4859 | D:7      | Found a staircase to the Ecumenical Temple.
  4872 | Temple   | Entered the Ecumenical Temple
  4975 | Temple   | Became a worshipper of Yredelemnul the Dark
  5047 | D:7      | Found Moij's Antique Armour Shoppe.
  5496 | D:8      | Noticed a two-headed ogre
  5515 | D:8      | Killed a two-headed ogre
  5515 | D:8      | Reached skill level 10 in Maces & Flails
  5722 | D:8      | Found an opulent altar of Gozag.
  5758 | D:8      | Reached XP level 10. HP: 96/96 MP: 9/9
  5825 | D:8      | Found Vumow's Magic Scroll Emporium.
  5847 | D:8      | Bought a scroll of identify for 32 gold pieces
  5847 | D:8      | Bought a scroll of identify for 32 gold pieces
  6007 | D:8      | Reached * piety under Yredelemnul
  6207 | D:9      | Reached skill level 1 in Throwing
  6399 | D:9      | Found a staircase to the Lair.
  6545 | D:9      | Found a staircase to the Orcish Mines.
  6553 | D:9      | Reached ** piety under Yredelemnul
  6611 | D:9      | Found a roughly hewn altar of Beogh.
  6648 | D:9      | Found a sparkling altar of Nemelex Xobeh.
  6726 | D:9      | Found a glowing golden altar of the Shining One.
  6952 | D:10     | Entered Level 10 of the Dungeon
  7297 | D:10     | Noticed a purple ugly thing
  7496 | D:9      | Killed a purple ugly thing
  7653 | D:10     | Reached skill level 10 in Armour
  7657 | D:10     | Reached *** piety under Yredelemnul
  7661 | D:10     | Noticed Erolcha
  7811 | D:10     | Found a shadowy altar of Dithmenos.
  7842 | D:10     | Killed Erolcha
  7842 | D:10     | Reached XP level 11. HP: 53/104 MP: 10/10
  8062 | D:9      | Reached skill level 1 in Invocations
  8522 | D:11     | Noticed a purple ugly thing
  8533 | D:11     | Killed a purple ugly thing
  8538 | D:11     | Reached skill level 5 in Throwing
  8609 | D:11     | Noticed a two-headed ogre
  9063 | D:11     | Reached **** piety under Yredelemnul
  9104 | D:11     | Noticed a white ugly thing
  9222 | D:7      | Bought a pair of faintly glowing gloves for 285 gold pieces
  9232 | D:7      | Identified the cursed -2 pair of gloves of Classification
                  | {*Corrode Str+4 Slay+6} (You bought it in a shop on level 7
                  | of the Dungeon)
  9314 | D:8      | Bought a scroll of identify for 32 gold pieces
  9314 | D:8      | Bought a scroll of teleportation for 48 gold pieces
  9314 | D:8      | Bought a scroll of fear for 56 gold pieces
  9376 | Lair:1   | Entered Level 1 of the Lair of Beasts
  9927 | Lair:1   | Received a gift from Yredelemnul (a wight)
  9950 | Lair:1   | Received a gift from Yredelemnul (3 flying skulls)
 10309 | Lair:2   | Reached ***** piety under Yredelemnul
 10345 | Lair:2   | Found a frozen archway.
 10353 | Lair:2   | Received a gift from Yredelemnul (3 flying skulls)
 10361 | IceCv    | Entered an ice cave
 10928 | IceCv    | HP: 2/104 [freezing wraith (10)]
 10933 | IceCv    | HP: 3/104 [freezing wraith (5)]
 10933 | IceCv    | Slain by a freezing wraith

Levels and vault maps discovered:
D:1:      tarquinn_simple_flora_water_f, layout_rooms, grunt_decor_arrowhead,
          minmay_unequal
D:2:      layout_basic, gammafunk_temple_overflow_claw, minmay_hexomino_c4
D:3:      layout_rooms
D:4:      layout_loops_corners, kennysheep_slug_shrine, serial_glass,
          glass_columns_b, glass_columns_a, feat_on_display, feat_on_display
D:5:      layout_basic, first_ration, chequers_serial_rivers_micro_d,
          uniq_crazy_yiuf_cottage, uniq_blork_the_orc
D:6:      layout_cave_pools, gammafunk_temple_overflow_wave, serial_shops, shop,
          uniq_duvessa
D:7:      layout_loops_ring, minmay_temple_entry_sparse_star, serial_shops,
          nicolae_shop_window_shopping
D:8:      layout_loops_cross, lemuel_crystal_altar, serial_shops, shop_scrolls
D:9:      corexii_shack_village, layout_rooms, kennysheep_mini,
          lair_entry_dummy, minmay_orc_entry_temple_small,
          nemelex_lonely_heart_becter
D:10:     layout_rooms, basic_altar, uniq_erolcha
D:11:     layout_loops_ring, uniq_snorg
Temple:   nicolae_temple_great_sept
Lair:1:   lemuel_ratsnest, layout_regular_city
Lair:2:   layout_regular_city, portal_ice_cave_demonic_guard
IceCv:    ice_cave_small_necro

Skill      XL: |  1  2  3  4  5  6  7  8  9 10 11 |
---------------+----------------------------------+-----
Fighting       | 4 5 6 7 8 10 11 12 | 12.2
Long Blades    | 3 |  3.4
Maces & Flails | 1 3 4 5 7 8 10 11 12 | 12.7
Armour         | 6 8 10 11 | 11.4
Throwing       | 4 6 |  6.6
Invocations    | 4 |  4.8
Shields        | |  3.6

Action                   |  1- 3 |  4- 6 |  7- 9 | 10-12 || total
-------------------------+-------+-------+-------+-------++-------
Melee: Long sword        |    32 |       |       |       ||    32
       Headbutt          |    12 |    23 |    38 |   105 ||   178
       Mace              |    43 |   109 |   259 |   500 ||   911
Throw: Stone             |       |       |     4 |     2 ||     6
       Dart              |       |       |       |     6 ||     6
Invok: Animate Dead      |       |       |       |    12 ||    12
       Animate Remains   |       |       |       |     1 ||     1
       Drain Life        |       |       |       |     1 ||     1
 Abil: Evoke Berserk Rag |       |     1 |     5 |     3 ||     9
Evoke: Wand              |       |       |       |     4 ||     4
  Use: Scroll            |     6 |     3 |     5 |    16 ||    30
       Potion            |       |       |       |     9 ||     9
  Eat: Chunk             |       |     7 |    14 |    16 ||    37
       Ration            |       |       |       |     3 ||     3
Armor: Scale mail        |    48 |    62 |     4 |       ||   114
       Chain mail        |       |       |   112 |       ||   112
       Plate armour      |       |       |     8 |   314 ||   322
Dodge: Dodged            |    21 |    41 |    57 |    98 ||   217
Block: Shield            |    60 |    63 |   144 |   283 ||   550
       Rpst.: Long sword |     4 |       |       |       ||     4

Table legend:
 A = Non-vault XP
 B = Vault XP
 C = Vault XP percentage of total XP
 D = Non-vault monster count
 E = Vault monster count
 F = Vault count percentage of total count
                 A         B        C        D         E       F
            +---------+---------+-------+---------+---------+-------
      Total |   16164 |    4964 |  23.5 |     279 |      99 |  26.2
            +---------+---------+-------+---------+---------+-------
        D:1 |      31 |      10 |  24.4 |      17 |       3 |  15.0
        D:2 |      53 |      26 |  32.9 |      16 |       6 |  27.3
        D:3 |     247 |       0 |   0.0 |      28 |       0 |   0.0
        D:4 |     403 |       4 |   1.0 |      13 |       1 |   7.1
        D:5 |    1026 |     140 |  12.0 |      20 |       2 |   9.1
        D:6 |     828 |     228 |  21.6 |      21 |       2 |   8.7
        D:7 |    1228 |       0 |   0.0 |      26 |       0 |   0.0
        D:8 |    1526 |       0 |   0.0 |      15 |       0 |   0.0
        D:9 |    2281 |     218 |   8.7 |      43 |      24 |  35.8
       D:10 |    3523 |     606 |  14.7 |      43 |       1 |   2.3
       D:11 |    1680 |       0 |   0.0 |      18 |       0 |   0.0
     Lair:1 |    2329 |     650 |  21.8 |      13 |      40 |  75.5
     Lair:2 |    1009 |     606 |  37.5 |       6 |       2 |  25.0
      IceCv |       0 |    2476 | 100.0 |       0 |      18 | 100.0
            +---------+---------+-------+---------+---------+-------
